 Dungeon Crawl Stone Soup version 0.18-a0-23-g19353e1 (webtiles) character file.

6213 Goblin1989 the Cruncher (level 10, -15/64 HPs)
             Began as a Gargoyle Gladiator on Nov 2, 2015.
             Was a Believer of Okawaru.
             Demolished by a spiny frog (19 damage)
             ... on level 1 of the Lair of Beasts.
             The game lasted 01:40:08 (10767 turns).

Goblin1989 the Cruncher (Gargoyle Gladiator)       Turns: 10767, Time: 01:40:08

Health: -15/64     AC: 15    Str: 23    XL:     10   Next: 92%
Magic:  10/10      EV: 14    Int: 10    God:    Okawaru [**....]
Gold:   125        SH:  0    Dex: 13    Spells: 3 memorised, 1 level left

rFire  . . .     SeeInvis .     a - +1 quarterstaff
rCold  + + .     Clarity  .     r - +0 ring mail
rNeg   + . .     SustAt   .     (shield currently unavailable)
rPois  ∞         Gourm    .     c - +0 helmet
rElec  +         Spirit   .     l - +0 cloak
rCorr  .         Warding  .     (no gloves)
rMut   +         Stasis   .     J - +0 pair of boots of Impatience {rC+}
MR     +....                    D - amulet of resist mutation
Stlth  +.........               t - ring of protection from magic
                                j - ring of protection from cold

@: mighty, somewhat resistant to hostile enchantments, very unstealthy
A: negative energy resistance 1, electricity resistance, unbreathing,
petrification resistance, rot immunity, AC +7
a: Heroism, Renounce Religion


You were on level 1 of the Lair of Beasts.
You worshipped Okawaru.
Okawaru was pleased with you.
You were not hungry.

You visited 3 branches of the dungeon, and saw 11 of its levels.

You collected 455 gold pieces.
You spent 330 gold pieces at shops.

Inventory:

Hand Weapons
 a - a +1 quarterstaff (weapon)
 P - a +0 blowgun
Missiles
 d - 3 throwing nets (quivered)
 k - 3 needles of sleeping
 n - 6 javelins
 Q - 29 poisoned needles
Armour
 c - a +0 helmet (worn)
 l - a +0 cloak (worn)
 r - a +0 ring mail (worn)
 J - the +0 pair of boots of Impatience (worn) {rC+}
   (You found it on level 6 of the Dungeon)

   It protects you from cold.
Jewellery
 g - an uncursed ring of wizardry
 i - an uncursed ring of invisibility
 j - a ring of protection from cold (left hand)
 t - a ring of protection from magic (right hand)
 D - an amulet of resist mutation (around neck)
 K - an uncursed amulet of resist corrosion {unknown}
Wands
 e - a wand of enslavement (13)
 o - a wand of cold (8)
 v - a wand of polymorph (7)
 w - a wand of heal wounds (0)
 x - a wand of teleportation (0)
 E - a wand of frost (36)
 F - a wand of confusion (32)
 T - a wand of magic darts (14)
Scrolls
 b - 2 scrolls of immolation
 f - a scroll of enchant weapon
 m - 2 scrolls of teleportation
 p - a scroll of blinking
 s - a scroll of magic mapping
 y - 3 scrolls of enchant armour {unknown}
 z - a scroll of fear
 B - a scroll of amnesia {unknown}
 C - 2 scrolls of random uselessness {unknown}
 G - 2 scrolls of noise {unknown}
Potions
 h - 2 potions of curing
 H - a potion of invisibility {unknown}
 L - a potion of berserk rage {unknown}
 N - 2 potions of cancellation
Books
 u - a book of Minor Magic

   Spells                             Type                      Level
   a - Magic Dart                     Conjuration                  1
   b - Blink                          Translocation                2
   c - Call Imp                       Summoning                    2
   d - Repel Missiles                 Charms/Air                   2
   e - Slow                           Hexes                        2
   f - Conjure Flame                  Conjuration/Fire             3
   g - Mephitic Cloud                 Conjuration/Poison/Air       3
 I - a book of the Sky

   Spells                             Type                      Level
   a - Summon Lightning Spire         Summoning/Air                4
   b - Airstrike                      Air                          4
   c - Silence                        Hexes/Air                    5
   d - Deflect Missiles               Charms/Air                   6
   e - Conjure Ball Lightning         Conjuration/Air              6
   f - Tornado                        Air                          9
 O - a Fen Folio

   Spells                             Type                      Level
   a - Corpse Rot                     Necromancy                   2
   b - Stone Arrow                    Conjuration/Earth            3
   c - Leda's Liquefaction            Hexes/Earth                  4
   d - Summon Forest                  Summoning/Translocation      5
   e - Hydra Form                     Transmutation                6
   f - Summon Hydra                   Summoning                    7
 S - a book of Spatial Translocations

   Spells                             Type                      Level
   a - Apportation                    Translocation                1
   b - Blink                          Translocation                2
   c - Shroud of Golubria             Charms/Translocation         2
   d - Portal Projectile              Translocation                3
   e - Teleport Other                 Translocation                3
   f - Passage of Golubria            Translocation                4
Comestibles
 M - a meat ration


   Skills:
 - Level 8.1 Fighting
 * Level 11.7 Staves
 - Level 1.7 Throwing
 + Level 2.8 Armour
 - Level 7.0 Dodging
 + Level 2.4 Translocations


You had one spell level left.
You knew the following spells:

 Your Spells              Type           Power        Failure   Level  Hunger
a - Apportation           Tloc           #.........   28%         1    ##.....
b - Portal Projectile     Tloc           #.....       78%         3    ####...
c - Passage of Golubria   Tloc           N/A          99%         4    #####..


Dungeon Overview and Level Annotations

Branches:
Dungeon (9/15)             Temple (1/1) D:5            Lair (1/8) D:8
    Orc: D:9-12

Altars:
Ashenzari
Cheibriados
Dithmenos
Elyvilon
Fedhas
Gozag
Kikubaaqudgha
Makhleb
Nemelex Xobeh
Okawaru
Qazlal
Ru
Sif Muna
Trog
Vehumet
Xom
Yredelemnul
Zin
The Shining One

Shops:
D:5 ?   D:8 %*(!

Portals:
Ice
Cave: Lair:1

Annotations:
D:8 Uberwunderbarhen's ghost, novice OpFi


Innate Abilities, Weirdness & Mutations

You are resistant to torment.
Your stone body is resilient (AC +7).
You are immune to poison.
You resist negative energy.
You are resistant to electric shocks.
You can survive without breathing.
You are immune to petrification.
You are immune to rotting.


Message History

Okay, then.
Read which item? (? for menu, Esc to quit)
Okay, then.
Unknown command.
Unknown command.
Unknown command.
Unknown command.
Unknown command.
Read which item? (? for menu, Esc to quit)
As you read the scroll of teleportation, it crumbles to dust.
You feel strangely unstable. The wolf misses you. The water moccasin bites you.
* * * LOW HITPOINT WARNING * * *
The wolf bites you but does no damage. The wolf bites you.
* * * LOW HITPOINT WARNING * * *
Your surroundings suddenly seem different.
A water moccasin comes into view.
The water moccasin hisses angrily.
The spiny frog stings you!!
You die...

##**####** ****
##.,,...,,* *,,*
##..##..##,* *,,,
##........#.##*** **,,,
#.............,,***,,,,
#...).@./..#***,,,,,,,,
##....F...##**,,,,,,,,,
*#....>...#**,,,,,,,,,,
#.r...S.....,,,,,,,,,,,
#........?..t.,,,,,,*,*
##........#...,,,,,****
##..##..##...,,,,,*
###**(#.,,..,,,***
*,,,,,,,,,,*


You could see a spiny frog, a water moccasin, a crocodile and a porcupine.

Vanquished Creatures
  Urug (Lair:1)
  Joseph (D:9)
  A komodo dragon (D:8)
  A wyvern (D:9)
  A deep elf mage (D:9)
  4 hungry ghosts
  The ghost of 4thArraOfDagon the Skirmisher, an amateur MfWn (D:5)
  Menkaure (D:6)
  2 wolves (Lair:1)
  2 water moccasins
  2 sky beasts
  7 ice beasts
  A necrophage (D:7)
  2 phantoms
  A centaur (D:8)
  2 ogres
  2 big kobolds (D:9)
  7 giant frogs
  A scorpion (D:8)
  3 killer bees (D:8)
  4 crimson imps
  2 centaur zombies
  2 giant frog skeletons
  4 hounds
  2 orc priests (D:7)
  Ijyb (D:2)
  3 jellies
  7 orc wizards
  2 giant frog zombies
  Terence (D:2)
  An iguana (Lair:1)
  9 worker ants
  The ghost of Raultor the Covered, a weakling GrFi (D:4)
  2 hound zombies
  A hound skeleton (D:5)
  A worker ant zombie (D:9)
  10 adders
  4 gnolls (D:8)
  2 shadow imps
  2 oozes
  A worm (D:3)
  6 giant geckos
  17 orcs
  2 ball pythons
  2 giant cockroaches
  7 goblins
  7 hobgoblins
  7 jackals
  2 quokkas
  9 bats
  3 giant gecko zombies
  6 giant newts
  11 kobolds
  A quokka skeleton (D:5)
  A quokka zombie (D:5)
  6 rats
192 creatures vanquished.

Vanquished Creatures (others)
  10 plants (D:8)
10 creatures vanquished.

Grand Total: 202 creatures vanquished

Notes
Turn   | Place    | Note
--------------------------------------------------------------
     0 | D:1      | Goblin1989 the Gargoyle Gladiator began the quest for the Orb.
     0 | D:1      | Reached XP level 1. HP: 12/12 MP: 1/1
   264 | D:1      | Reached XP level 2. HP: 7/17 MP: 2/2
   667 | D:1      | Reached skill level 4 in Staves
   815 | D:1      | Reached XP level 3. HP: 18/21 MP: 3/3
   878 | D:2      | Upgraded the game from 0.18-a0-19-g8b99b3a to 0.18-a0-23-g19353e1
  1072 | D:2      | Noticed Terence
  1080 | D:2      | Killed Terence
  1080 | D:2      | Reached skill level 5 in Staves
  1080 | D:2      | Reached XP level 4. HP: 24/26 MP: 4/4
  1290 | D:2      | Noticed Ijyb
  1300 | D:2      | Killed Ijyb
  1300 | D:2      | Reached XP level 5. HP: 27/30 MP: 5/5
  2707 | D:4      | You fall through a shaft for 2 floors!
  2724 | D:6      | Reached skill level 6 in Staves
  2755 | D:6      | Found an ancient bone altar of Kikubaaqudgha.
  2796 | D:6      | Reached XP level 6. HP: 35/35 MP: 6/6
  2815 | D:5      | Entered Level 5 of the Dungeon
  2969 | D:4      | Noticed Raultor's ghost (weakling GrFi)
  2976 | D:4      | Killed Raultor's ghost
  3919 | D:5      | Reached skill level 7 in Staves
  4073 | D:5      | Noticed 4thArraOfDagon's ghost (amateur MfWn)
  4092 | D:5      | Killed 4thArraOfDagon's ghost
  4092 | D:5      | Reached XP level 7. HP: 19/40 MP: 7/7
  4333 | D:5      | Found Ihop's Magic Scroll Emporium.
  4339 | D:5      | Bought a scroll of magic mapping for 52 gold pieces
  4339 | D:5      | Bought a scroll of blinking for 112 gold pieces
  4339 | D:5      | Bought a scroll of fear for 52 gold pieces
  4566 | D:5      | Found a staircase to the Ecumenical Temple.
  4575 | Temple   | Entered the Ecumenical Temple
  4701 | D:5      | Reached skill level 8 in Staves
  4848 | D:6      | Got a pair of crude boots
  4854 | D:6      | Identified the +0 pair of boots of Impatience {rC+} (You found it on level 6 of the Dungeon)
  4864 | D:6      | Noticed Menkaure
  4885 | D:6      | Killed Menkaure
  4885 | D:6      | Reached XP level 8. HP: 16/44 MP: 8/8
  5457 | D:6      | Reached skill level 9 in Staves
  5945 | D:7      | Found a shimmering altar of Xom.
  5994 | D:7      | Reached skill level 5 in Dodging
  6098 | D:7      | Reached skill level 10 in Staves
  6098 | D:7      | Reached XP level 9. HP: 37/48 MP: 9/9
  6234 | D:7      | Found a glowing silver altar of Zin.
  6234 | D:7      | Found an opulent altar of Gozag.
  6858 | D:8      | Noticed Uberwunderbarhen's ghost (novice OpFi)
  7477 | D:7      | Reached skill level 5 in Fighting
  8044 | D:8      | Found Zamp's Distillery.
  8089 | D:8      | Found Vyuqeom's General Store.
  8098 | D:8      | Bought a scroll of recharging for 114 gold pieces
  8104 | D:8      | Found Utoegaf's Food Shop.
  8300 | D:8      | Found Qauxtaf's Antique Weapon Shop.
  8504 | D:8      | Found a staircase to the Lair.
  8505 | D:8      | Noticed a komodo dragon
  8582 | D:8      | Reached XP level 10. HP: 54/61 MP: 10/10
  9456 | D:9      | Found a burning altar of Makhleb.
  9456 | D:9      | Found an iron altar of Okawaru.
  9460 | D:9      | Became a worshipper of Warmaster Okawaru
  9748 | D:9      | Noticed Joseph
  9806 | D:9      | Killed Joseph
  9806 | D:9      | Reached skill level 11 in Staves
  9943 | D:9      | Found a blossoming altar of Fedhas.
  9989 | D:9      | Learned a level 1 spell: Apportation
  9993 | D:9      | Learned a level 3 spell: Portal Projectile
  9998 | D:9      | Learned a level 4 spell: Passage of Golubria
 10096 | D:9      | Reached * piety under Okawaru
 10262 | Lair:1   | Entered Level 1 of the Lair of Beasts
 10267 | Lair:1   | Noticed Urug
 10590 | D:8      | Reached skill level 1 in Translocations
 10679 | Lair:1   | Reached skill level 1 in Armour
 10687 | Lair:1   | HP: 1/64 [Urug/war axe (12)]
 10703 | Lair:1   | HP: 3/64 [Urug/war axe (17)]
 10705 | Lair:1   | Killed Urug
 10705 | Lair:1   | Reached ** piety under Okawaru
 10735 | Lair:1   | Found a frozen archway.
 10767 | Lair:1   | Demolished by a spiny frog

Vault maps used:
D:1:      eino_arrival_druids_welcome, serial_park_tiny_2, kennysheep_boxes
D:2:      uniq_terence, uniq_iyjb
D:3:      minmay_misc_feat_pillars, corexii_corridor_pit
D:4:      hex_medium
D:5:      minmay_temple_entry_junction, serial_shops, shop, first_bread
D:6:      kennysheep_mini_moat, nicolae_zen_rock_garden, uniq_menkaure
D:7:      grunt_temple_overflow_gold_and_silver, lemuel_round_altar,
          roderic_aztec_sauvastika
D:8:      david_lair_shrubbed, serial_shops, shop,
          nicolae_shop_scaring_up_business, nicolae_shop_waterfront, shop
D:9:      lemuel_round_altar, gammafunk_temple_overflow_elements, serial_shops,
          shop, blue_anna_alchemist, trog_book, uniq_joseph
Temple:   zaba_magenta_temple_12
Lair:1:   portal_ice_cave_entry_ice_beasts, st_stairs_5, uniq_urug, uniq_grum

Action                   |  1- 3 |  4- 6 |  7- 9 | 10-12 || total
-------------------------+-------+-------+-------+-------++-------
Melee: Quarterstaff      |    95 |   231 |   471 |   236 ||  1033
Invok: Heroism           |       |       |       |     2 ||     2
Evoke: Wand              |       |       |     4 |     9 ||    13
  Use: Scroll            |       |     8 |     3 |     8 ||    19
       Potion            |       |       |     4 |     4 ||     8
  Eat: Chunk             |       |    10 |    11 |     2 ||    23
       Meat ration       |       |       |     4 |     1 ||     5
       Pizza             |       |       |     1 |       ||     1
       Beef jerky        |       |       |     1 |       ||     1
       Bread ration      |       |       |     4 |     1 ||     5
